 Dungeon Sprint DCSS version 0.30-a0-540-g0af01429fa (webtiles) character file.

Game seed: 6777967445068591188

207 rocky1 the Chopper (level 5, 0/50 HPs)
             Began as a Naga Warper on Dec 26, 2022.
             Was a Priest of Cheibriados.
             Slain by a six-headed hydra (13 damage)
             ... in the Dungeon (Sprint VII: "The Pits").
             The game lasted 00:03:24 (765 turns).

rocky1 the Chopper (Naga Warper)                     Turns: 765, Time: 00:03:25

Health: 0/50       AC:  3    Str: 22    XL:     5   Next: 85%
Magic:  2/10       EV: 10    Int: 21    God:    Cheibriados [***...]
Gold:   0          SH:  0    Dex: 17    Spells: 2/11 levels left

rFire   . . .      SeeInvis +    m - +2 hand axe (elec)
rCold   . . .      Faith    .    (no shield)
rNeg    . . .      Spirit   .    b - +0 leather armour
rPois   +          Reflect  .    (no helmet)
rElec   .          Harm     .    (no cloak)
rCorr   .          Rampage  .    (no gloves)
Will    .....      NoTele   +    (no barding)
Stlth   +                        (no amulet)
HPRegen 0.28/turn                (no ring)
MPRegen 0.12/turn                (no ring)

@: stuck, very slightly contaminated, very slow
A: AC +1, large, see invisible, deformed body, poison resistance, slowness 2,
spit poison 1, naga tail 1
a: Spit Poison, Renounce Religion, Bend Time, Temporal Distortion


You were in the Dungeon.
You worshipped Cheibriados.
Cheibriados was most pleased with you.
You visited 1 branch

Inventory:

Hand Weapons
 a - a +0 hand axe
 m - a +2 hand axe of electrocution (weapon)
Missiles
 d - 7 boomerangs of dispersal (quivered)
Armour
 b - a +0 leather armour (worn)
Scrolls
 c - a scroll of blinking
 k - 5 scrolls of amnesia
 l - a scroll of butterflies
Potions
 e - 6 potions of curing
 f - 5 potions of heal wounds
 g - a potion of haste
 h - 2 potions of magic
 i - 3 potions of berserk rage
 j - 2 potions of invisibility


   Skills:
 - Level 3.8 Fighting
 + Level 7.3 Axes
 - Level 0.8 Throwing
 - Level 2.6 Armour
 - Level 3.0 Dodging
 - Level 3.5 Spellcasting
 - Level 4.4 Translocations
 + Level 5.7 Invocations


You had 2 spell levels left.
You knew the following spells:

 Your Spells              Type           Power      Damage    Failure   Level
a - Blink                 Tloc           44%        N/A       3%          2
b - Vhi's Electric Charg  Tloc/Air       26%        N/A       17%         3
c - Manifold Assault      Tloc           22%        N/A       24%         4

Your spell library contained the following spells:

 Spells                   Type           Power      Damage    Failure   Level
 Lesser Beckoning         Tloc           44%        N/A       7%          3
 Teleport Other           Tloc           22%        N/A       7%          3


Dungeon Overview and Level Annotations

Branches:
Dungeon (1/1)

Altars:
Ashenzari
Cheibriados
Dithmenos
Elyvilon
Fedhas
Gozag
Hepliaklqana
Kikubaaqudgha
Makhleb
Nemelex Xobeh
Okawaru
Qazlal
Ru
Sif Muna
Trog
Uskayaw
Vehumet
Wu Jian
Xom
Yredelemnul
Zin
The Shining One
Jiyva
Lugonu


Innate Abilities, Weirdness & Mutations

Your serpentine skin is tough. (AC +1)
You have supernaturally acute eyesight. (SInv)
Armour fits poorly on your strangely shaped body.
Your system is resistant to poisons. (rPois)
You cover ground very slowly.
You can spit poison.
You have a snake-like lower body.


Message History

Activating: Slouch (16% risk of failure)
Press: ? - help, Dir - look around, f - activate You can feel time thicken for a moment.
Magic courses through your body.
Unknown command.
Activating: Slouch (16% risk of failure)
Press: ? - help, Dir - look around, f - activate You fail to use your ability.
Activating: Slouch (16% risk of failure)
Press: ? - help, Dir - look around, f - activate You can feel time thicken for a moment.
You can no longer inflict damage on those overly hasty.
Cheibriados lowers the support of your attributes as your movement quickens.
The boulder beetle waves its antennae.
Okay, then.
Unknown command.
Magic courses through your body.
Unknown command.
Okay, then.
Unknown command.
Okay, then.
Cast which spell? (? or * to list)
Okay, then.
Cast which spell? (? or * to list)
The spell is quite dangerous to miscast (24% risk of failure)!
Continue anyway?
Space momentarily warps into an impossible shape!
You slice one of the five-headed hydra's heads off!
The four-headed hydra grows two more!
You hit the six-headed hydra.
You hit the boulder beetle but do no damage.
Unknown command.
Casting: Manifold Assault (quite dangerous; 24% risk of failure)
Confirm with . or Enter, or press ? or * to list all spells.
The spell is quite dangerous to miscast (24% risk of failure)!
Continue anyway?
You miscast Manifold Assault.
You are very lightly contaminated with residual magic.
You are caught in a field of spatial distortion.
You are magically locked in place.
The six-headed hydra bites you!
* * * LOW HITPOINT WARNING * * *
The six-headed hydra bites you!
You die...

#### __.# __.#
...###########++######
##'##................#
)'.##......#..#......#
##.##...........@....+
....'...........D....+
#####......#..#......#
#..##...........B....#
#))#####'#####''######
#))##.......##''#
#))##.......##..#
#[[##.......##..#
#'###...<...##..#


You could see a boulder beetle and a six-headed hydra.

Vanquished Creatures
  A floating eye (D)
  A gnoll bouda (D)
  6 gnolls (D)
  An adder (D)
  A river rat (D)
  An orc (D)
  2 frilled lizards (D)
  2 rats (D)
15 creatures vanquished.

Notes
Turn   | Place    | Note
-------+----------+-------------------------------------------
     0 | D        | rocky1 the Naga Warper began the quest for the Orb.
     0 | D        | Reached XP level 1. HP: 19/19 MP: 3/3
    18 | D        | Reached skill level 4 in Axes
    18 | D        | Reached XP level 2. HP: 11/26 MP: 5/5
    84 | D        | Found a bloodstained altar of Trog.
    84 | D        | Found a shimmering blue altar of Sif Muna.
    84 | D        | Found a viscous altar of Jiyva.
    84 | D        | Found a hazy altar of Hepliaklqana.
    84 | D        | Found an opulent altar of Gozag.
    85 | D        | Found a glowing golden altar of the Shining One.
    85 | D        | Found a glowing silver altar of Zin.
    85 | D        | Found a basalt altar of Yredelemnul.
    85 | D        | Found a shimmering altar of Xom.
    85 | D        | Found an ornate altar of the Wu Jian Council.
    85 | D        | Found a sacrificial altar of Ru.
    85 | D        | Found a stormy altar of Qazlal.
    85 | D        | Found an iron altar of Okawaru.
    85 | D        | Found a sparkling altar of Nemelex Xobeh.
    85 | D        | Found a burning altar of Makhleb.
    85 | D        | Found a blossoming altar of Fedhas.
    85 | D        | Found a white marble altar of Elyvilon.
    85 | D        | Found a shadowy altar of Dithmenos.
    85 | D        | Found a snail-covered altar of Cheibriados.
    88 | D        | Found a corrupted altar of Lugonu.
    88 | D        | Found a radiant altar of Vehumet.
    89 | D        | Found an ancient bone altar of Kikubaaqudgha.
    89 | D        | Found a hide-covered altar of Uskayaw.
    89 | D        | Found a broken altar of Ashenzari.
    96 | D        | Became a worshipper of Cheibriados the Contemplative
   137 | D        | Reached * piety under Cheibriados
   242 | D        | Noticed a floating eye
   245 | D        | Killed a floating eye
   246 | D        | Reached skill level 5 in Axes
   246 | D        | Reached XP level 3. HP: 34/34 MP: 5/7
   246 | D        | Reached XP level 4. HP: 42/42 MP: 5/8
   377 | D        | Learned a level 2 spell: Blink
   381 | D        | Learned a level 3 spell: Vhi's Electric Charge
   386 | D        | Learned a level 4 spell: Manifold Assault
   391 | D        | Reached ** piety under Cheibriados
   392 | D        | Reached XP level 5. HP: 50/50 MP: 8/10
   394 | D        | Reached *** piety under Cheibriados
   399 | D        | Reached skill level 6 in Axes
   404 | D        | Reached **** piety under Cheibriados
   415 | D        | Reached skill level 7 in Axes
   415 | D        | Reached skill level 5 in Invocations
   754 | D        | Noticed a boulder beetle
   755 | D        | Noticed a five-headed hydra
   765 | D        | Slain by a six-headed hydra

Illustrated notes

Levels and vault maps discovered:
D:        pitsprint [storerooms_1, entrance_room_1, metal_vault_3, armoury_1,
          mini_pit_1, grid_room_1, main_hall_1, silver_pit, the_coven_2,
          the_vestibule_1, steel_vault_1, golden_pit, hallway_of_sentries,
          crystal_vault_5, iron_vault_1, final_vault]

Skill      XL: |  1  2  3  4  5 |
---------------+----------------+-----
Axes           | 4 5 7 |  7.3
Fighting       | 3 |  3.8
Armour         | 2 |  2.6
Dodging        | 2 3 |  3.0
Spellcasting   | 3 |  3.5
Translocations | 4 |  4.4
Invocations    | 3 5 |  5.7
Throwing       | |  0.8

Action                   |  1- 3 |  4- 6 || total
-------------------------+-------+-------++-------
Melee: Hand axe          |    14 |    27 ||    41
 Cast: Manifold Assault  |       |     1 ||     1
Invok: Slouch            |       |     3 ||     3
 Abil: Spit Poison       |       |     1 ||     1
  Use: Potion            |       |     3 ||     3
       Scroll            |       |     1 ||     1
Armor: Leather armour    |     2 |     3 ||     5
Dodge: Dodged            |     6 |    12 ||    18

Table legend: (Time is in decaauts)
 A = Elapsed time spent in this place.
 B = Non-inter-level travel time spent in this place.
 C = Inter-level travel time spent in this place.
 D = Time resting spent in this place.
 E = Time spent auto-exploring this place.
 F = Levels seen in this place.
 G = Mean time per level.
                   A        B        C        D        E       F      G
               +--------+--------+--------+--------+--------+-----+--------+
         Total |    879 |    841 |     38 |    571 |      0 |   1 |  879.0 |
       Dungeon |    879 |    841 |     38 |    571 |      0 |   1 |  879.0 |
               +--------+--------+--------+--------+--------+-----+--------+

Top non-repeatable levels by time:
       D: 879 daAuts
